 Dungeon Crawl Stone Soup version 0.20-a0-792-g09bcfd3 (webtiles) character file.

363708 Laphicet the Bludgeoner (level 21, -34/236 HPs)
             Began as a Green Draconian Fighter on Feb 27, 2017.
             Was the Champion of Cheibriados.
             Engulfed by a cloud of flame (81 damage)
             ... on level 1 of the Vaults on Feb 28, 2017.
             The game lasted 02:44:07 (50088 turns).

Laphicet the Bludgeoner (Green Draconian Fighter)  Turns: 50088, Time: 02:44:07

Health: -34/236    AC: 34    Str: 37    XL:     21   Next: 54%
Magic:  24/37      EV: 29    Int: 41    God:    Cheibriados [******]
Gold:   1416       SH:  0    Dex: 34    Spells: 27/45 levels left

rFire    . . .     SeeInvis .   e - +4 great mace "Qedafu" {freeze, rElec rPois Str+3 Int+4}
rCold    + + +     Gourm    .   (armour unavailable)
rNeg     + + +     Faith    .   (shield currently unavailable)
rPois    ∞         Spirit   .   P - +2 hat {Int+3}
rElec    +         Reflect  .   a - +2 cloak of the Other World {Dex+2}
rCorr    .         Harm     .   (gloves currently unavailable)
MR       ++...     Rnd*Rage +   (boots currently unavailable)
Stlth    ++++......             N - amulet of regeneration
Regen    0.9/turn               u - ring of the Madman {*Contam +Inv rC+++ MR+ Int+3}
MPRegen  0.3/turn               V - ring "Eskit" {+Fly rN++ Int-2 Dex+2 Slay+3}

@: exhausted, statue-form, flying, very slow
A: (breathe noxious fumes), unfitting armour, antennae 1, stinger 2, talons 1,
agile 1, berserk 1, clever 1, cold resistance 1, deterioration 2, poison
resistance, no potion heal 1, cold-blooded, AC +11
}: 2/15 runes: serpentine, barnacled
a: End Transformation, Bend Time, Temporal Distortion, Slouch, Step From Time,
Renounce Religion, Evoke Invisibility, Stop Flying


You were on level 1 of the Vaults.
You worshipped Cheibriados.
Cheibriados was exalted by your worship.
You were very hungry.
You were a stone statue.
You visited 8 branches of the dungeon, and saw 36 of its levels.
You visited the Abyss 1 time.
You also visited: Labyrinth and Ossuary.

You collected 3861 gold pieces.
You spent 2445 gold pieces at shops.

Inventory:

Hand Weapons
 b - the +7 great mace "Firestarter" {inner flame, rF++}
   (You took it off a deep elf elementalist on level 3 of the Elven Halls)

   It has been specially enchanted to burn those struck by it, causing extra
   injury to most foes and up to half again as much damage against particularly
   susceptible opponents.
   It greatly protects you from fire.
 c - a +5 long sword of holy wrath
 e - the +4 great mace "Qedafu" (weapon) {freeze, rElec rPois Str+3 Int+4}
   (You took it off a deep elf demonologist on level 3 of the Elven Halls)

   It has been specially enchanted to freeze those struck by it, causing extra
   injury to most foes and up to half again as much damage against particularly
   susceptible opponents.
   It can also slow down cold-blooded creatures.
   It affects your strength (+3).
   It affects your intelligence (+4).
   It insulates you from electricity.
   It protects you from poison.
 A - a +3 great mace of holy wrath
 G - the +5 demon whip "Spellbinder" {antimagic, MR+}
   (You took it off a deep elf death mage on level 3 of the Elven Halls)

   It reduces the magical energy of the wielder, and disrupts the spells and
   magical abilities of those hit.
   Natural abilities and divine invocations are not affected.
   It affects your resistance to hostile enchantments.
Armour
 a - the +2 cloak of the Other World (worn) {Dex+2}
   (You acquired it on level 2 of the Shoals)

   It affects your dexterity (+2).
 n - a +1 pair of boots of flying (melded)
 P - a +2 hat of intelligence (worn)
 Q - the +0 pair of gloves of Okawaru's Envy (melded) {rPois}
   (You found it on level 3 of the Elven Halls)

   It protects you from poison.
Jewellery
 u - the ring of the Madman (right hand) {*Contam +Inv rC+++ MR+ Int+3}
   (You bought it in a shop on level 10 of the Dungeon)

   [ring of intelligence]

   It affects your intelligence (+3).
   It renders you almost immune to cold.
   It affects your resistance to hostile enchantments.
   It lets you turn invisible.
   It causes magical contamination when unequipped.
 y - a +3 amulet of reflection {unknown}
 N - an amulet of regeneration (around neck)
 R - an uncursed amulet of magic regeneration {unknown}
 U - the ring of Acaun {rCorr rC+}
   (You took it off a deep elf elementalist on level 3 of the Elven Halls)

   [ring of resist corrosion]

   It protects you from cold.
 V - the ring "Eskit" (left hand) {+Fly rN++ Int-2 Dex+2 Slay+3}
   (You took it off a deep elf mage on level 3 of the Elven Halls)

   [ring of flight]

   It affects your intelligence (-2).
   It affects your dexterity (+2).
   It affects your accuracy and damage with ranged weapons and melee attacks
   (+3).
   It greatly protects you from negative energy.
   It lets you fly.
 X - a +2 amulet of reflection {unknown}
Wands
 p - a wand of scattershot (2/9)
 q - a wand of iceblast (5/15)
 x - a wand of paralysis (15/24)
 D - a wand of acid (8/15)
 O - a wand of digging (14/24)
 T - a wand of iceblast (10/15)
 Y - a wand of flame (32/48)
Scrolls
 f - 3 scrolls of fear
 j - 9 scrolls of fog
 l - 21 scrolls of remove curse
 r - 2 scrolls of teleportation
 v - a scroll of enchant weapon
 C - 8 scrolls of magic mapping
 E - 3 scrolls of identify
 J - a scroll of vulnerability
 L - a scroll of recharging
 S - 3 scrolls of amnesia
 W - a scroll of silence
Potions
 i - a potion of cancellation
 m - 3 potions of haste
 w - 2 potions of magic
 z - 3 potions of might
 F - 2 potions of flight
 H - 11 potions of curing
 I - 2 potions of heal wounds
 M - 3 potions of brilliance
Miscellaneous
 g - a crystal ball of energy
 k - a phial of floods
 o - a sack of spiders
Comestibles
 d - 22 bread rations
 t - 11 meat rations
 B - 19 fruits
 K - 4 royal jellies


   Skills:
 - Level 14.7 Fighting
 - Level 13.5 Long Blades
 + Level 16.7 Maces & Flails
 - Level 12.8 Dodging
 - Level 6.5 Stealth
   Level 13.7 Shields
 - Level 12.8 Spellcasting
 - Level 11.5 Transmutations
 - Level 11.7 Earth Magic
 - Level 8.6 Poison Magic
 - Level 10.2 Invocations


You had 27 spell levels left.
You knew the following spells:

 Your Spells              Type           Power        Failure   Level  Hunger
b - Blink                 Tloc           N/A          1%          2    None
c - Confuse               Hex            ####....     4%          3    None
o - Olgreb's Toxic Radia  Pois           #######.     1%          4    None
s - Statue Form           Tmut/Erth      #######..    1%          6    ##.....
t - Tukima's Dance        Hex            ####....     4%          3    None


Dungeon Overview and Level Annotations

Branches:
Dungeon (15/15)            Temple (1/1) D:5            Lair (6/6) D:9
 Shoals (4/4) Lair:2        Snake (4/4) Lair:3        Slime (0/5) Lair:5
    Orc (2/2) D:12            Elf (3/3) Orc:2        Vaults (1/5) D:14
 Depths (0/5) D:15

Altars:
Cheibriados
Elyvilon
Fedhas
Gozag
Hepliaklqana
Kikubaaqudgha
Makhleb
Nemelex Xobeh
Okawaru
Qazlal
Ru
Trog
Uskayaw
Wu Jian
Xom
Yredelemnul
Zin
Beogh
Jiyva

Shops:
D:10 [:*=:   D:12 *   Orc:1 (   Orc:2 [((*:   Elf:2 [   Elf:3 (   Shoals:2 }

Portals:
Trove: Elf:3 (give +5 ice dragon scales)

Annotations:
D:5 Eustachio


Innate Abilities, Weirdness & Mutations

((You can breathe blasts of noxious fumes.))
((Your lurid green scales are hard. (AC +11)))
You cannot fit into any form of body armour.
Your tail ends in a sharp poisonous barb.
Your system is resistant to poisons. (rPois)
You are cold-blooded and may be slowed by cold attacks.
You have a pair of small antennae on your head.
You have sharp toenails.
You are agile. (Dex +2)
You tend to lose your temper in combat.
Your mind is acute. (Int +2)
Your flesh is cold resistant. (rC+)
Your body often deteriorates upon taking damage.
Potions are less effective at restoring your health.


Message History

You kill the troll!
Cheibriados appreciates the change of pace.
You kill the orc warrior!
Cheibriados appreciates the change of pace.
You kill the orc warrior!
Cheibriados appreciates the change of pace.
You kill the orc!
Cheibriados thoroughly appreciates the change of pace.
You feel somewhat more hungry.
Unknown command.
Unknown command.
Wield which item (- for none, * to show all)? (? for menu, Esc to quit)
Your inner flame fades away.
The +4 great mace "Qedafu" {freeze, rElec rPois Str+3 Int+4} glows with a cold blue light!
e - the +4 great mace "Qedafu" (weapon)
{freeze, rElec rPois Str+3 Int+4} You are engulfed in blazing flames.
* * * LOW HITPOINT WARNING * * *
Unknown command.
You are engulfed in blazing flames.
You die...

#.....##. .. #.....##.
..# #.....### .##
###'### #.#..+
#'######### ##
#.#..#...#.. .#########
#.#.)#...#..#.#o))..)[.
#####'%..###'##8#..†..
#..#%..#))#%§)%).....
#..#...#))#.########'
#..#.†[#.)#.#
'###...)##### .#
#%.%#.)#.# #.
#%%%#..#.# # '
#######'# #. #...'..#.#


You could see an orc warrior.

Vanquished Creatures
  Mara (Snake:4)
  Vashnia (Snake:4)
  Saint Roka (Snake:3)
  Jorgrun (Snake:3)
  3 deep elf master archers (Elf:3)
  2 deep elf blademasters (Elf:3)
  2 krakens (Shoals:4)
  Kirke (D:12)
  A frost giant (Shoals:4)
  Ilsuiw (Shoals:4)
  A fire giant (Vaults:1)
  8 nagarajas
  8 deep elf sorcerers (Elf:3)
  A vault warden (Vaults:1)
  6 orc warlords
  Aizul (Snake:4)
  3 deep elf elementalists (Elf:3)
  3 ironheart preservers (Vaults:1)
  4 deep elf demonologists (Elf:3)
  Nessos (D:15)
  2 slime creatures
  5 very ugly things (Abyss:2)
  12 deep elf annihilators (Elf:3)
  An ettin (Orc:1)
  6 deep elf death magi (Elf:3)
  Snorg (Orc:1)
  A minotaur (Lab)
  4 merfolk javelineers (Shoals:4)
  Josephine (D:15)
  16 merfolk impalers
  A vault guard (Vaults:1)
  2 yaktaur captains
  2 rakshasas (Vaults:1)
  An ice dragon (Vaults:1)
  Fannar (Lair:3)
  5 deep elf high priests (Elf:3)
  9 hydras
  11 naga warriors
  6 centaur warriors
  24 anacondas
  5 catoblepae
  An ogre mage (Vaults:1)
  The ghost of Mezriss the Fighter, a novice NaFi of Wu Jian (D:8)
  5 merfolk avatars
  The ghost of Dingo the Cleaver, a novice HOFi of Jiyva (D:10)
  5 satyrs
  7 death yaks (Lair:6)
  8 merfolk aquamancers
  2 deep troll earth magi (Vaults:1)
  14 two-headed ogres
  A deep troll shaman (Vaults:1)
  Urug (Orc:1)
  2 alligator snapping turtles
  An orc high priest (Orc:2)
  3 thrashing horrors (Abyss:2)
  13 naga sharpshooters
  33 dancing weapons
  Nergalle (Lair:4)
  A shadow wraith (Vaults:1)
  19 deep elf knights
  11 shock serpents
  A sun demon (Abyss:2)
  A sixfirhy (Abyss:2)
  A fire crab (shapeshifter) (D:15)
  4 skeletal warriors (Vaults:1)
  A glowing orange brain (Vaults:1)
  8 salamander mystics
  9 naga ritualists
  3 unseen horrors
  A kraken simulacrum (Shoals:4)
  11 sea snakes
  6 deep trolls (Vaults:1)
  A spatial maelstrom (Abyss:2)
  5 lindwurms
  11 deep elf archers
  9 orc knights
  3 wizards
  5 ironbrand convokers (Vaults:1)
  Pikel (D:8)
  61 deep elf magi
  22 harpies
  10 mana vipers
  20 ugly things
  An oklob plant (Lair:4)
  10 orc sorcerers
  A necromancer (D:14)
  2 large abominations (Abyss:2)
  16 manticores
  A wolf spider (Vaults:1)
  17 fauns
  11 salamanders
  5 cyclopes
  7 merfolk sirens
  53 black mambas
  6 elephants
  4 vault sentinels (Vaults:1)
  Maurice (D:8)
  Joseph (D:9)
  10 guardian serpents
  10 spiny frogs
  8 water nymphs
  A torpor snail (Lair:5)
  3 centaur zombies
  21 naga magi
  7 gargoyles
  A kobold demonologist (D:15)
  2 rime drakes
  An efreet (D:15)
  5 yaktaurs
  7 komodo dragons
  29 merfolk
  4 guardian mummies (D:14)
  5 harpy zombies (Shoals:3)
  An ancient zyme (Abyss:2)
  A polar bear (Lair:6)
  6 wind drakes
  Prince Ribbit (D:5)
  14 trolls
  A hornet (D:12)
  6 blink frogs
  6 snapping turtles
  A raiju (Abyss:2)
  A stone giant simulacrum (Vaults:1)
  14 hippogriffs
  A hippogriff (shapeshifter) (Vaults:1)
  8 dream sheep
  A vampire (D:10)
  5 air elementals
  15 water elementals
  A redback (shapeshifter) (Elf:3)
  6 wraiths
  3 hungry ghosts
  6 wyverns
  A hog (D:12)
  A hog (shapeshifter) (Elf:1)
  4 humans (D:12)
  70 yaks
  2 fire elementals
  Grum (D:9)
  2 basilisks
  6 vampire mosquitoes
  2 soldier ants
  4 acid dragons
  44 nagas
  13 wargs
  11 porcupines
  26 water moccasins
  4 sky beasts
  67 orc warriors
  6 ice beasts
  A black bear (D:8)
  A necrophage (D:9)
  An eye of draining (shapeshifter) (Elf:1)
  19 ogres
  3 phantoms
  3 eyes of draining
  A boggart (Vaults:1)
  13 centaurs
  6 wolves
  15 crocodiles
  2 small abominations (Abyss:2)
  5 big kobolds
  An elf zombie (Ossuary)
  21 bullfrogs
  2 gnoll sergeants (Orc:2)
  4 earth elementals
  A wyvern zombie (D:12)
  A wyvern skeleton (D:8)
  5 scorpions
  A water moccasin skeleton (D:4)
  5 killer bees (D:8)
  12 wights
  2 howler monkeys
  2 electric eels (Lair:1)
  10 crimson imps
  4 bullfrog zombies
  3 jellies
  2 quasits
  6 centaur skeletons
  7 hounds
  4 bullfrog skeletons
  30 orc priests
  A human zombie (Ossuary)
  35 orc wizards
  3 iguanas
  15 worker ants
  Terence (D:3)
  A big kobold zombie (Ossuary)
  6 ogre zombies (D:12)
  A hound zombie (D:8)
  2 hound skeletons
  7 mummies
  A worker ant zombie (D:9)
  15 gnolls
  20 adders
  4 shadow imps
  A white imp (Abyss:2)
  An ufetubus (Abyss:2)
  An ooze (D:3)
  5 adder zombies
  2 adder skeletons (D:5)
  A worm (D:2)
  2 dart slugs
  4 leopard geckos
  109 orcs
  3 ball pythons
  2 bat zombies (Shoals:3)
  5 giant cockroaches
  10 goblins
  7 hobgoblins
  15 jackals
  29 kobolds
  3 quokkas
  6 bats
  7 frilled lizards
  A goblin skeleton (D:12)
  A goblin zombie (Ossuary)
  14 hobgoblin zombies
  A jackal skeleton (D:5)
  2 jackal zombies (Ossuary)
  8 kobold zombies
  16 orc zombies
  3 rats (D:1)
  2 rat zombies (Ossuary)
  2 crawling corpses (Elf:3)
  2 tentacles (Shoals:4)
1672 creatures vanquished.

Vanquished Creatures (others)
  A naga warrior (Snake:4)
  A naga sharpshooter (Snake:4)
  An orc knight (Vaults:1)
  A deep elf archer (Elf:2)
  A deep elf mage (Elf:2)
  A black mamba (Lair:5)
  An air elemental (Elf:1)
  A vampire (D:15)
  A hungry ghost (D:12)
  A naga (Snake:2)
  4 slaves (D:8)
  2 humans
  2 orc wizards
  An orc priest (D:12)
  2 ogre zombies (D:12)
  2 adders
  A leopard gecko (D:8)
  5 orcs
  A quokka (D:8)
  3 goblin zombies (D:12)
  A hobgoblin skeleton (D:12)
  10 orc zombies (D:12)
  18 fungi
  20 plants
  11 tentacles (Shoals:4)
  6 toadstools (Lair:5)
99 creatures vanquished.

Grand Total: 1771 creatures vanquished

Notes
Turn   | Place    | Note
-------+----------+-------------------------------------------
     0 | D:1      | Laphicet the Draconian Fighter began the quest for the Orb.
     0 | D:1      | Reached XP level 1. HP: 19/19 MP: 1/1
   460 | D:1      | Reached XP level 2. HP: 24/26 MP: 2/2
   964 | D:1      | Reached XP level 3. HP: 31/31 MP: 3/3
  1333 | D:2      | Found a stormy altar of Qazlal.
  1505 | D:2      | Reached XP level 4. HP: 38/40 MP: 4/4
  1590 | D:2      | Found a burning altar of Makhleb.
  1595 | D:2      | Found an iron altar of Okawaru.
  1598 | D:2      | Found a blossoming altar of Fedhas.
  1600 | D:2      | Found a basalt altar of Yredelemnul.
  1876 | D:3      | Noticed Terence
  1896 | D:3      | Killed Terence
  2120 | D:3      | Found a bloodstained altar of Trog.
  2184 | D:3      | Reached skill level 1 in Stealth
  2184 | D:3      | Reached XP level 5. HP: 40/46 MP: 5/5
  2704 | D:3      | Found a white marble altar of Elyvilon.
  2704 | D:3      | Found a sacrificial altar of Ru.
  3148 | D:4      | Reached XP level 6. HP: 40/52 MP: 6/6
  3599 | D:4      | Found an ornate altar of the Wu Jian Council.
  4204 | D:4      | Found an ancient bone altar of Kikubaaqudgha.
  4204 | D:4      | Noticed a human
  4250 | D:4      | Killed a human
  4318 | D:5      | Entered Level 5 of the Dungeon
  4318 | D:5      | Found a staircase to the Ecumenical Temple.
  4351 | Temple   | Entered the Ecumenical Temple
  4360 | Temple   | Became a worshipper of Cheibriados the Contemplative
  4414 | D:5      | Your scales start taking on a lurid green colour.
  4414 | D:5      | Reached XP level 7. HP: 53/60 MP: 7/7
  4414 | D:5      | Gained mutation: Your system is resistant to poisons. (rPois) [Green Draconian growth]
  4419 | D:5      | Noticed Eustachio
  4565 | D:5      | Reached skill level 1 in Invocations
  4621 | D:5      | Found a sand-covered staircase.
  4626 | D:5      | Reached skill level 5 in Shields
  4629 | Ossuary  | Entered an ossuary
  4762 | Ossuary  | Reached * piety under Cheibriados
  4805 | Ossuary  | Gained mutation: Your large and strong wings let you fly indefinitely. [potion of mutation]
  4805 | Ossuary  | Gained mutation: Your tail ends in a poisonous barb. [potion of mutation]
  4840 | Ossuary  | Reached ** piety under Cheibriados
  5166 | D:5      | Noticed Prince Ribbit
  5258 | D:5      | Reached skill level 5 in Fighting
  5615 | D:5      | Killed Prince Ribbit
  5615 | D:5      | Reached XP level 8. HP: 15/68 MP: 9/9
  6440 | D:6      | Found an opulent altar of Gozag.
  6556 | D:6      | Reached skill level 5 in Long Blades
  6805 | D:6      | Reached *** piety under Cheibriados
  7368 | D:7      | Reached skill level 5 in Dodging
  7423 | D:7      | Reached XP level 9. HP: 57/75 MP: 11/11
  7584 | D:7      | Reached **** piety under Cheibriados
  8460 | D:8      | Noticed a two-headed ogre
  8470 | D:8      | Killed a two-headed ogre
  8470 | D:8      | Reached skill level 5 in Stealth
  8596 | D:8      | Found a glowing silver altar of Zin.
  8598 | D:8      | Noticed Pikel
  8599 | D:8      | Noticed Mezriss's ghost (novice NaFi)
  8601 | D:8      | Noticed a two-headed ogre
  8610 | D:8      | Killed Pikel
  8610 | D:8      | Reached skill level 5 in Invocations
  8616 | D:8      | Reached XP level 10. HP: 60/86 MP: 13/13
  8828 | D:7      | Killed a two-headed ogre
  9079 | D:8      | Killed Mezriss's ghost
  9143 | D:8      | Noticed an angel
  9147 | D:8      | Found a shimmering altar of Xom.
  9398 | D:8      | Reached ***** piety under Cheibriados
  9828 | D:8      | Gained mutation: Your magical capacity is low. (-10% MP) [mutagenic meat]
  9829 | D:8      | Gained mutation: Your body sometimes deteriorates upon taking damage. [mutagenic meat]
  9831 | D:8      | Lost mutation: Your magical capacity is low. (-10% MP) [potion of mutation]
  9831 | D:8      | Lost mutation: Your tail ends in a poisonous barb. [potion of mutation]
  9831 | D:8      | Lost mutation: Your large and strong wings let you fly indefinitely. [potion of mutation]
  9831 | D:8      | Lost mutation: Your body sometimes deteriorates upon taking damage. [potion of mutation]
  9831 | D:8      | Gained mutation: Your mind is acute. (Int +2) [potion of mutation]
  9831 | D:8      | Gained mutation: You are clumsy. (Dex -2) [potion of mutation]
  9831 | D:8      | Gained mutation: You have supernaturally acute eyesight. (SInv) [potion of mutation]
  9832 | D:8      | Lost mutation: Your mind is acute. (Int +2) [potion of mutation]
  9832 | D:8      | Lost mutation: You are clumsy. (Dex -2) [potion of mutation]
  9832 | D:8      | Lost mutation: You have supernaturally acute eyesight. (SInv) [potion of mutation]
  9832 | D:8      | Gained mutation: Your flesh is heat resistant. (rF+) [potion of mutation]
  9832 | D:8      | Lost mutation: Your flesh is heat resistant. (rF+) [potion of mutation]
  9832 | D:8      | Gained mutation: You are agile. (Dex +2) [potion of mutation]
  9833 | D:8      | Lost mutation: You are agile. (Dex +2) [potion of mutation]
  9833 | D:8      | Gained mutation: You are dopey. (Int -2) [potion of mutation]
  9833 | D:8      | Gained mutation: You passively map a small area around you. [potion of mutation]
  9834 | D:8      | Lost mutation: You are dopey. (Int -2) [potion of mutation]
  9834 | D:8      | Lost mutation: You passively map a small area around you. [potion of mutation]
  9834 | D:8      | Gained mutation: You are occasionally teleported next to monsters. [potion of mutation]
  9834 | D:8      | Gained mutation: You are somewhat resistant to further mutation. [potion of mutation]
  9835 | D:8      | Lost mutation: You are somewhat resistant to further mutation. [potion of mutation]
  9835 | D:8      | Lost mutation: You are occasionally teleported next to monsters. [potion of mutation]
  9835 | D:8      | Gained mutation: You are weak. (Str -2) [potion of mutation]
  9835 | D:8      | Gained mutation: You occasionally shout uncontrollably at your foes. [potion of mutation]
  9835 | D:8      | Lost mutation: You occasionally shout uncontrollably at your foes. [potion of mutation]
  9835 | D:8      | Gained mutation: You have large cloven feet. [potion of mutation]
  9836 | D:8      | Lost mutation: You have large cloven feet. [potion of mutation]
  9836 | D:8      | Lost mutation: You are weak. (Str -2) [potion of mutation]
  9836 | D:8      | Gained mutation: Your magical capacity is low. (-10% MP) [potion of mutation]
  9836 | D:8      | Gained mutation: You are agile. (Dex +2) [potion of mutation]
  9837 | D:8      | Lost mutation: Your magical capacity is low. (-10% MP) [potion of mutation]
  9837 | D:8      | Lost mutation: You are agile. (Dex +2) [potion of mutation]
  9837 | D:8      | Gained mutation: You expend magic power (3 MP) to strengthen your wands. [potion of mutation]
  9837 | D:8      | Gained mutation: Your spells are a little harder to cast, but a little more powerful. [potion of mutation]
  9841 | D:8      | Noticed Maurice
  9876 | D:8      | Killed Maurice
 10759 | D:8      | Learned a level 4 spell: Olgreb's Toxic Radiance
 10821 | D:9      | Found an ancient bone altar of Kikubaaqudgha.
 10845 | D:9      | Noticed Grum
 10859 | D:9      | Killed Grum
 11149 | D:9      | Reached skill level 1 in Poison Magic
 11375 | D:9      | Reached XP level 11. HP: 94/94 MP: 16/16
 11431 | D:9      | Noticed a six-headed hydra
 11727 | D:9      | Noticed a two-headed ogre
 11741 | D:9      | Killed a two-headed ogre
 11741 | D:9      | Reached skill level 1 in Spellcasting
 11976 | D:9      | Killed a seven-headed hydra
 12102 | D:9      | Noticed Joseph
 12111 | D:9      | Killed Joseph
 12417 | D:9      | Found a staircase to the Lair.
 12547 | D:9      | Upgraded the game from 0.20-a0-785-g17250f0 to 0.20-a0-792-g09bcfd3
 12703 | D:10     | Entered Level 10 of the Dungeon
 12716 | D:10     | Found Boziat's Book Emporium.
 12724 | D:10     | Bought a book of Maledictions for 300 gold pieces
 12728 | D:10     | Learned a level 3 spell: Confuse
 12732 | D:10     | Learned a level 3 spell: Tukima's Dance
 12858 | D:10     | Found a sparkling altar of Nemelex Xobeh.
 13127 | D:10     | Noticed Dingo's ghost (novice HOFi)
 13152 | D:10     | Killed Dingo's ghost
 13449 | D:10     | Reached ****** piety under Cheibriados
 13539 | D:10     | Found Zomech's Book Shop.
 13635 | D:10     | Found Ynumed's Assorted Antiques.
 13757 | D:10     | Bought a scroll labeled GEOMAQ UTZONG for 28 gold pieces
 13757 | D:10     | Bought a scroll labeled GEOMAQ UTZONG for 28 gold pieces
 13757 | D:10     | Bought a scroll of identify for 56 gold pieces
 13800 | D:10     | Noticed a two-headed ogre
 13806 | D:10     | Killed a two-headed ogre
 13867 | D:10     | Found Muobrecw's Antique Armour Emporium.
 13881 | D:10     | Bought a pair of boots for 94 gold pieces
 14023 | D:10     | Found Hetag's Jewellery Emporium.
 14048 | D:10     | Lost mutation: You expend magic power (3 MP) to strengthen your wands. [potion of mutation]
 14048 | D:10     | Gained mutation: You have a beak for a mouth. [potion of mutation]
 14048 | D:10     | Gained mutation: You evolve. [potion of mutation]
 14048 | D:10     | Gained mutation: You have supernaturally acute eyesight. (SInv) [potion of mutation]
 14292 | D:11     | Noticed a purple ugly thing
 14314 | D:11     | Killed a purple ugly thing
 14436 | D:11     | Reached XP level 12. HP: 70/104 MP: 13/17
 14846 | D:11     | Reached skill level 5 in Poison Magic
 14966 | D:11     | Noticed a two-headed ogre
 14974 | D:11     | Killed a two-headed ogre
 15260 | D:12     | Found Fyal's Elemental Accessories.
 15278 | D:12     | Found a labyrinth entrance.
 15335 | Lab      | Entered a labyrinth
 15604 | Lab      | Noticed a minotaur
 15614 | Lab      | Killed a minotaur
 15614 | Lab      | Reached skill level 10 in Fighting
 15690 | Lab      | Got a shimmering rapier
 15693 | D:12     | Identified the +5 rapier of the Foot {freeze, Int+5} (You found it in a labyrinth)
 15786 | D:12     | Gained mutation: You are resistant to electric shocks. (rElec) [evolution]
 15870 | D:12     | Noticed a two-headed ogre
 16100 | D:12     | Found a staircase to the Orcish Mines.
 16126 | D:12     | Noticed Kirke
 16130 | D:12     | Noticed a sphinx
 16153 | D:12     | Killed Kirke
 16341 | D:12     | Killed a two-headed ogre
 16414 | D:12     | Lost mutation: You have supernaturally acute eyesight. (SInv) [evolution]
 16662 | Orc:1    | Entered Level 1 of the Orcish Mines
 16662 | Orc:1    | Found Qocoucsul's Weapon Emporium.
 16662 | Orc:1    | Noticed an orc warlord
 16668 | Orc:1    | Noticed Snorg
 16710 | D:12     | Reached XP level 13. HP: 63/114 MP: 16/19
 16847 | D:12     | Killed an orc warlord
 16937 | Orc:1    | Killed Snorg
 17278 | Orc:1    | Reached skill level 5 in Spellcasting
 17369 | Orc:1    | Found a roughly hewn altar of Beogh.
 17369 | Orc:1    | Noticed an orc warlord
 17508 | Orc:1    | Killed an orc warlord
 17549 | Orc:1    | Noticed Urug
 17575 | Orc:1    | Killed Urug
 17885 | Orc:2    | Entered Level 2 of the Orcish Mines
 17885 | Orc:2    | Found Mipn's Antique Weapon Emporium.
 17922 | Orc:2    | Noticed an orc warlord
 17928 | Orc:1    | Reached skill level 10 in Shields
 17952 | Orc:1    | Noticed an orc warlord
 18188 | Orc:1    | Killed an orc warlord
 18647 | Orc:2    | Killed an orc warlord
 18805 | Orc:2    | Reached skill level 10 in Long Blades
 19079 | Orc:2    | Noticed an orc warlord
 19219 | Orc:2    | Killed an orc warlord
 19413 | Orc:2    | Noticed an ettin
 19505 | Orc:1    | Noticed an orc warlord
 19519 | Orc:1    | Reached skill level 10 in Invocations
 19702 | Orc:1    | Killed an orc warlord
 19702 | Orc:1    | Gained mutation: Your tail ends in a poisonous barb. [Green Draconian growth]
 19702 | Orc:1    | Reached XP level 14. HP: 103/124 MP: 10/23
 20153 | Orc:2    | Found Pamext's Antique Armour Boutique.
 20161 | Orc:2    | Bought an embroidered scarf for 224 gold pieces
 20363 | Orc:2    | Found Qaig's Antique Weapon Boutique.
 20517 | Orc:2    | Found Daga Bowasee's General Store.
 20525 | Orc:2    | Bought a scroll of identify for 30 gold pieces
 20530 | Orc:2    | Found a staircase to the Elven Halls.
 20641 | Orc:2    | Found Riet Nulil's Book Shop.
 21114 | Lair:1   | Entered Level 1 of the Lair of Beasts
 21175 | D:10     | Bought a book of the Earth for 780 gold pieces
 21182 | D:10     | Learned a level 6 spell: Statue Form
 21357 | Lair:1   | Reached skill level 1 in Earth Magic
 21389 | Lair:1   | Reached skill level 1 in Transmutations
 22569 | Lair:2   | Found a staircase to the Shoals.
 23002 | Lair:3   | Found a staircase to the Snake Pit.
 23234 | Lair:3   | Noticed Fannar
 23249 | Lair:3   | Killed Fannar
 23897 | Lair:4   | Noticed Nergalle
 23911 | Lair:4   | Killed Nergalle
 23945 | Lair:4   | Reached skill level 5 in Transmutations
 24061 | Lair:4   | Reached skill level 5 in Earth Magic
 24892 | Lair:5   | Gained mutation: Your large and strong wings let you fly indefinitely. [evolution]
 25251 | Lair:5   | Found a runed door.
 25453 | Lair:5   | Found a viscous altar of Jiyva.
 25454 | Lair:5   | Found a staircase to the Slime Pits.
 25611 | Lair:5   | Reached XP level 15. HP: 50/130 MP: 16/26
 25718 | Lair:5   | Got a crystal mace
 25719 | Lair:5   | Identified the +10 mace "Xessiusch" {freeze, rF+} (You found it on level 5 of the Lair of Beasts)
 25800 | Lair:5   | Reached skill level 1 in Maces & Flails
 25807 | Lair:6   | Entered Level 6 of the Lair of Beasts
 25822 | Lair:6   | Reached skill level 2 in Maces & Flails
 25861 | Lair:6   | Reached skill level 3 in Maces & Flails
 25894 | Lair:6   | Reached skill level 4 in Maces & Flails
 26173 | Lair:6   | Reached skill level 5 in Maces & Flails
 26524 | Lair:6   | Reached skill level 6 in Maces & Flails
 26650 | Lair:6   | Reached skill level 7 in Maces & Flails
 26856 | Lair:6   | Reached skill level 8 in Maces & Flails
 27046 | Lair:6   | Lost mutation: Your large and strong wings let you fly indefinitely. [evolution]
 28577 | D:14     | Found a gate to the Vaults.
 28825 | D:14     | Got a smoking short sword
 28826 | D:14     | Identified the +9 short sword of Uckij {drain, rElec} (You found it on level 14 of the Dungeon)
 29685 | D:15     | Entered Level 15 of the Dungeon
 29852 | D:15     | Noticed Nessos
 30033 | D:15     | Noticed Josephine
 30067 | D:15     | Killed Josephine
 30067 | D:15     | Reached XP level 16. HP: 112/137 MP: 28/28
 30195 | D:15     | Killed Nessos
 30432 | D:15     | Found a staircase to the Depths.
 31053 | Snake:1  | Entered Level 1 of the Snake Pit
 31603 | Snake:1  | Reached skill level 10 in Earth Magic
 32094 | Snake:1  | Lost mutation: You evolve. [end of evolution]
 32271 | Snake:1  | Reached skill level 10 in Transmutations
 33579 | Snake:2  | Learned a level 2 spell: Blink
 33642 | Snake:2  | You fall through a shaft!
 33810 | Snake:3  | Noticed Saint Roka
 33819 | Snake:3  | Reached XP level 17. HP: 60/144 MP: 30/30
 33822 | Snake:3  | Killed Saint Roka
 34042 | Snake:3  | Found an iron altar of Okawaru.
 34376 | Snake:3  | Reached skill level 10 in Dodging
 34741 | Snake:4  | Entered Level 4 of the Snake Pit
 34744 | Snake:4  | Noticed Mara
 34761 | Snake:4  | Killed Mara
 34761 | Snake:4  | Reached skill level 10 in Spellcasting
 34851 | Snake:4  | Noticed Jorgrun
 34885 | Snake:3  | HP: 4/144 [Jorgrun/staff of earth (12)]
 34890 | Snake:3  | Killed Jorgrun
 35079 | Snake:4  | Cast into level 2 of the Abyss (salamander)
 35448 | Snake:4  | Escaped the Abyss
 35693 | Snake:4  | Noticed Vashnia
 35696 | Snake:4  | Noticed Aizul
 35704 | Snake:4  | Killed Aizul
 35906 | Snake:4  | Killed Vashnia
 36021 | Snake:4  | Lost mutation: Your spells are a little harder to cast, but a little more powerful. [potion of mutation]
 36021 | Snake:4  | Lost mutation: You have a beak for a mouth. [potion of mutation]
 36021 | Snake:4  | Gained mutation: Your spells are a little harder to cast, but a little more powerful. [potion of mutation]
 36021 | Snake:4  | Gained mutation: You tend to lose your temper in combat. [potion of mutation]
 36021 | Snake:4  | Gained mutation: Your mind is acute. (Int +2) [potion of mutation]
 36374 | Snake:4  | Reached XP level 18. HP: 106/155 MP: 26/32
 36376 | Snake:4  | HP: 8/202 [cloud of flame (13)]
 37465 | Snake:4  | Got a serpentine rune of Zot
 38638 | D:10     | Bought the ring of the Madman {*Contam +Inv rC+++ MR+ Int+3} for 905 gold pieces
 38825 | Elf:1    | Entered Level 1 of the Elven Halls
 39608 | Elf:1    | Identified the Collected Works on Moulding
 39900 | Elf:2    | Found Teacopn's Antique Armour Shop.
 40226 | Elf:2    | Lost mutation: Your mind is acute. (Int +2) [potion of mutation]
 40226 | Elf:2    | Lost mutation: Your spells are a little harder to cast, but a little more powerful. [potion of mutation]
 40226 | Elf:2    | Lost mutation: You are resistant to electric shocks. (rElec) [potion of mutation]
 40226 | Elf:2    | Lost mutation: You tend to lose your temper in combat. [potion of mutation]
 40226 | Elf:2    | Gained mutation: You have large cloven feet. [potion of mutation]
 40226 | Elf:2    | Gained mutation: Your large and strong wings let you fly indefinitely. [potion of mutation]
 40226 | Elf:2    | Gained mutation: Your muscles are strong. (Str +2) [potion of mutation]
 40226 | Elf:2    | Gained mutation: Your spells are a little harder to cast, but a little more powerful. [potion of mutation]
 40249 | Elf:2    | Found a runed gate.
 40249 | Elf:2    | Found a runed gate.
 40250 | Elf:2    | Found a runed gate.
 40319 | Elf:2    | Reached XP level 19. HP: 129/165 MP: 27/34
 41306 | Elf:3    | Entered Level 3 of the Elven Halls
 41501 | Elf:3    | Found Follec's Antique Weapon Emporium.
 41894 | Elf:3    | Found a portal to a secret trove of treasure.
 41942 | Elf:3    | Noticed a Tzitzimitl
 42201 | Elf:3    | Noticed a Tzitzimitl
 42655 | Elf:3    | Got a vibrating ivory ring
 42676 | Elf:3    | Got a bound tin ring
 42838 | Elf:3    | Got a pitted whip {drain}
 42854 | Elf:3    | Reached XP level 20. HP: 59/176 MP: 18/36
 43003 | Elf:3    | Got a twitching silver ring
 43274 | Elf:3    | Identified the +5 whip "Uveg" {drain, Dex+2} (You took it off a deep elf annihilator on level 3 of the Elven Halls)
 43352 | Elf:3    | Got a pair of steaming gloves
 43364 | Elf:3    | Identified the +0 pair of gloves of Daffodils {MR+ Stlth+} (You found it on level 3 of the Elven Halls)
 43383 | Elf:3    | Identified the ring "Jafuer" {rPois Int+2 Dex+3} (You took it off a deep elf death mage on level 3 of the Elven Halls)
 43385 | Elf:3    | Identified the ring of Acaun {rCorr rC+} (You took it off a deep elf elementalist on level 3 of the Elven Halls)
 43387 | Elf:3    | Identified the ring "Eskit" {+Fly rN++ Int-2 Dex+2 Slay+3} (You took it off a deep elf mage on level 3 of the Elven Halls)
 43393 | Elf:3    | Identified the Reference Book on Igneous Transmigration
 43401 | Elf:3    | Got a pair of ancient gloves
 43412 | Elf:3    | Identified the cursed +0 pair of gloves of Okawaru's Envy {rPois} (You found it on level 3 of the Elven Halls)
 43618 | Elf:3    | Got a jewelled great mace {freeze}
 43619 | Elf:3    | Identified the +4 great mace "Qedafu" {freeze, rElec rPois Str+3 Int+4} (You took it off a deep elf demonologist on level 3 of the Elven Halls)
 43692 | Elf:3    | Reached skill level 9 in Maces & Flails
 43978 | Shoals:1 | Entered Level 1 of the Shoals
 44852 | Shoals:1 | Reached skill level 10 in Maces & Flails
 45484 | Shoals:2 | Reached skill level 11 in Maces & Flails
 45810 | Shoals:2 | Found Giogrum's Gadget Shoppe.
 45919 | Shoals:2 | Identified a scroll of acquirement
 45920 | Shoals:2 | Got a faintly humming cloak
 45931 | Shoals:2 | Identified the +2 cloak of the Other World {Dex+2} (You acquired it on level 2 of the Shoals)
 46346 | Shoals:3 | Reached skill level 12 in Maces & Flails
 47120 | Shoals:4 | Entered Level 4 of the Shoals
 47408 | Shoals:4 | Noticed Ilsuiw
 47426 | Shoals:4 | Reached skill level 13 in Maces & Flails
 47429 | Shoals:4 | Killed Ilsuiw
 47780 | Shoals:4 | Reached skill level 14 in Maces & Flails
 47966 | Shoals:4 | Reached XP level 21. HP: 152/182 MP: 37/37
 48135 | Shoals:4 | Lost mutation: Your muscles are strong. (Str +2) [potion of mutation]
 48135 | Shoals:4 | Lost mutation: Your spells are a little harder to cast, but a little more powerful. [potion of mutation]
 48135 | Shoals:4 | Gained mutation: Your muscles are strong. (Str +2) [potion of mutation]
 48135 | Shoals:4 | Gained mutation: Your muscles are very strong. (Str +4) [potion of mutation]
 48136 | Shoals:4 | Lost mutation: Your muscles are very strong. (Str +4) [potion of mutation]
 48136 | Shoals:4 | Lost mutation: Your muscles are strong. (Str +2) [potion of mutation]
 48136 | Shoals:4 | Gained mutation: You are agile. (Dex +2) [potion of mutation]
 48440 | Shoals:4 | Got a barnacled rune of Zot
 48902 | Shoals:4 | Reached skill level 15 in Maces & Flails
 49381 | Vaults:1 | Entered Level 1 of the Vaults
 49619 | Vaults:1 | Lost mutation: You have large cloven feet. [potion of mutation]
 49619 | Vaults:1 | Lost mutation: Your large and strong wings let you fly indefinitely. [potion of mutation]
 49619 | Vaults:1 | Gained mutation: Your body sometimes deteriorates upon taking damage. [potion of mutation]
 49619 | Vaults:1 | Gained mutation: You are robust. (+10% HP) [potion of mutation]
 49619 | Vaults:1 | Gained mutation: Your tail ends in a sharp poisonous barb. [potion of mutation]
 49961 | Vaults:1 | Reached skill level 16 in Maces & Flails
 49999 | Vaults:1 | Gained mutation: Potions are less effective at restoring your health. [mutagenic meat]
 50000 | Vaults:1 | Gained mutation: Your body often deteriorates upon taking damage. [mutagenic meat]
 50001 | Vaults:1 | Gained mutation: You tend to lose your temper in combat. [mutagenic meat]
 50003 | Vaults:1 | Gained mutation: You have a pair of small antennae on your head. [mutagenic meat]
 50004 | Vaults:1 | Lost mutation: You are robust. (+10% HP) [mutagenic meat]
 50005 | Vaults:1 | Gained mutation: You have sharp toenails. [mutagenic meat]
 50006 | Vaults:1 | Gained mutation: Your mind is acute. (Int +2) [mutagenic meat]
 50009 | Vaults:1 | Gained mutation: Your flesh is cold resistant. (rC+) [mutagenic meat]
 50088 | Vaults:1 | Engulfed by a cloud of flame

Vault maps used:
D:1:      nicolae_arrival_washed_ashore
D:2:      grunt_qazlal_clouds, minitemple, first_bread
D:3:      lemuel_doored_altar, gammafunk_temple_overflow_wave, uniq_terence
D:4:      lemuel_round_altar, tgw_kikubaaqudgha
D:5:      minmay_temple_entry_statues, nicolae_ossuary_entry_giza,
          minmay_misc_feat_pillars, uniq_prince_ribbit1, uniq_eustachio
D:6:      nicolae_overflow_crystal_walls
D:8:      grunt_temple_overflow_order_and_chaos_1, uniq_pikel, uniq_maurice
D:9:      hangedman_cross_stitches, kennysheep_mini_moat, dpeg_oklobed_lair,
          hangedman_fish_farm, uniq_joseph, uniq_grum
D:10:     basic_altar, serial_shops, shop, shop, nicolae_shop_trees,
          nicolae_shop_waterfront, kennysheep_mini
D:12:     zombieorc2_lemuel, lab_entry_generic, wad_woods_river_04,
          nicolae_elemental_shop, uniq_kirke
D:14:     david_vaults_1, infiniplex_staircase_pillars_1,
          minmay_guarded_unrand_curses
D:15:     grunt_enter_depths_snipers, uniq_nessos, uniq_josephine
Temple:   compressed_dpeg_triangle_lava_temple
Lair:1:   dpeg_stationary_puzzle, grunt_megastairs_4, infiniplex_staircase_pool
Lair:2:   minmay_shoals_entry_centaurs
Lair:3:   dummy_snake_entry, uniq_fannar
Lair:4:   uniq_nergalle
Lair:5:   gammafunk_lair_enchanted_lake, dpeg_slime_entry_enclosed_altar,
          serial_bayou_ford_a
Lair:6:   evilmike_catoblepas_cave
Shoals:1: nicolae_shoals_flooded_hall
Shoals:2: serial_shops, shop, overgrown_tower
Shoals:3: nicolae_shoals_undead_eyrie
Shoals:4: shoals_end_grunt_ice, shoals_ilsuiw_alternative
Snake:1:  minmay_snake_river
Snake:2:  grunt_ministairs_10
Snake:3:  basic_altar, lemuel_fruit_tree, uniq_saint_roka
Snake:4:  snake_pit_salamanders_mu, grunt_megastairs_1, uniq_vashnia,
          uniq_jorgrun, uniq_mara, uniq_aizul
Orc:1:    serial_shops, shop, mines1_david, uniq_snorg, uniq_urug
Orc:2:    grunt_orc_gardens, grunt_orc_garden, grunt_orc_garden,
          grunt_orc_garden, grunt_orc_garden, serial_shops, nicolae_shop_crystal
Elf:1:    minmay_elf_crystal_hexagon
Elf:2:    serial_shops, shop, st_stairs_4
Elf:3:    minmay_elf_hall_four_x, serial_shops, shop,
          nicolae_trove_entry_free_sample
Vaults:1: nicolae_vaults_triangles, nicolae_vaults_theta,
          ontoclasm_vaults_claustrophobia, hangedman_vaults_hat,
          vaults_dpeg_ring, vaults_mumra_minichess, hangedman_vaults_maws,
          ontoclasm_vaults_ring_square, v_misc_22, v_misc_33,
          special_room_vaults, v_misc_25, v_misc_33,
          nicolae_vaults_little_squares_6, vaults_mumra_lcd,
          nicolae_vaults_little_squares_3, serial_shops, nicolae_shop_crystal
Lab:      lab_fountain, nicolae_lab_do_over, nicolae_lab_grate_2,
          nicolae_lab_hexagon, lab_hedge, lab_block
Ossuary:  ossuary_tomb_1

Skill      XL: |  1  2  3  4  5  6  7  8  9 10 11 12 13 14 15 16 17 18 19 20 21 |
---------------+----------------------------------------------------------------+-----
Dodging        | 3 4 5 6 7 8 9 10 11 12 | 12.8
Long Blades    | 3 4 5 6 7 8 9 10 11 12 13 | 13.5
Stealth        | 1 2 3 4 5 6 |  6.5
Shields        | 4 5 6 7 8 9 10 11 12 13 | 13.7
Fighting       | 4 5 6 7 8 9 10 11 12 13 14 | 14.7
Invocations    | 2 3 5 6 7 9 10 | 10.2
Poison Magic   | 1 4 6 8 |  8.6
Spellcasting   | 3 4 6 7 8 9 10 11 12 | 12.8
Earth Magic    | 6 8 11 | 11.7
Transmutations | 6 8 11 | 11.5
Maces & Flails | 8 14 16 | 16.7

Action                   |  1- 3 |  4- 6 |  7- 9 | 10-12 | 13-15 | 16-18 | 19-21 || total
-------------------------+-------+-------+-------+-------+-------+-------+-------++-------
Melee: Long sword        |   105 |   189 |   408 |   850 |   981 |  1287 |   422 ||  4242
       Tailslap          |    13 |    29 |    78 |   309 |   491 |   472 |   306 ||  1698
       Peck              |       |       |       |   181 |   705 |   339 |       ||  1225
       Whip              |       |       |       |     2 |       |       |       ||     2
       Unarmed           |       |       |       |     2 |       |       |       ||     2
       Rapier            |       |       |       |       |    63 |       |       ||    63
       Mace              |       |       |       |       |   535 |   104 |       ||   639
       Kick              |       |       |       |       |       |    19 |   384 ||   403
       Great mace        |       |       |       |       |       |       |   657 ||   657
 Cast: Olgreb's Toxic Ra |       |       |       |       |    13 |       |     6 ||    19
       Statue Form       |       |       |       |       |       |    71 |    61 ||   132
Invok: Bend Time         |       |       |     1 |     9 |    16 |     8 |     3 ||    37
       Slouch            |       |       |       |       |    17 |    16 |    20 ||    53
       Temporal Distorti |       |       |       |       |       |     3 |     3 ||     6
 Abil: Breathe Noxious F |       |       |     5 |     2 |     5 |     1 |       ||    13
       Fly               |       |       |     1 |       |     1 |       |     1 ||     3
Evoke: Wand              |       |       |     6 |    11 |    28 |     6 |    16 ||    67
  Use: Potion            |       |     1 |     7 |    15 |     9 |     8 |     3 ||    43
       Scroll            |       |     9 |     9 |    18 |    21 |    18 |    12 ||    87
 Stab: Sleeping          |       |     5 |     9 |    16 |    30 |    11 |    11 ||    82
       Invisible         |       |       |     8 |     2 |    10 |       |       ||    20
       Confused          |       |       |     3 |     1 |     2 |       |       ||     6
       Distracted        |       |       |       |     5 |     5 |     9 |     3 ||    22
  Eat: Chunk             |     2 |    10 |     5 |    13 |    31 |    16 |    35 ||   112
       Royal jelly       |       |       |     1 |     4 |     2 |     9 |     2 ||    18
       Fruit             |       |       |       |       |       |     2 |     3 ||     5
       Meat ration       |       |       |       |       |       |     1 |       ||     1
Armor: Skin              |    34 |    55 |   132 |   167 |   261 |   581 |   681 ||  1911
Dodge: Dodged            |    59 |    90 |   230 |   468 |  1099 |  1316 |  2303 ||  5565
Block: Shield            |    52 |    83 |   248 |   637 |  1211 |  1569 |   433 ||  4233
       Rpst.: Long sword |    17 |    33 |    68 |   115 |   174 |   280 |   101 ||   788
